 Dungeon Crawl Stone Soup version 0.29-a0-330-g52719c12eb (webtiles) character file.

Game seed: 4950449174850406976

165 rabbitsville the Skirmisher (level 5, -1/50 HPs)
             Began as a Hill Orc Fighter on Apr 12, 2022.
             Was an Initiate of Ashenzari.
             Slain by a goblin
             ... wielding a +0 club
             ... led by Robin
              (3 damage)
             ... on level 3 of the Dungeon.
             The game lasted 00:05:28 (2035 turns).

rabbitsville the Skirmisher (Hill Orc Fighter)      Turns: 2035, Time: 00:05:29

Health: -1/50      AC: 11    Str: 21    XL:     5   Next: 46%
Magic:  5/5        EV:  7    Int:  8    God:    Ashenzari [......]
Gold:   133        SH:  9    Dex: 10    Spells: 4/4 levels left

rFire   + . .      SeeInvis .   a - +0 flail
rCold   + . .      Faith    .   c - +0 buckler
rNeg    . . .      Spirit   .   q - +2 chain mail {rC+}
rPois   .          Reflect  +   (no helmet)
rElec   .          Harm     +   e - scarf {harm}
rCorr   .          Rampage  .   (no gloves)
Will    .....                   (no boots)
Stlth   ..........              f - amulet of reflection
HPRegen 0.16/turn               g - ring of protection from fire
MPRegen 0.09/turn               (no ring)

@: no status effects
A: no striking features
a: Renounce Religion, Curse Item


You were on level 3 of the Dungeon.
You worshipped Ashenzari.
Ashenzari was noncommittal.
You visited 1 branch of the dungeon, and saw 3 of its levels.

You collected 133 gold pieces.

Inventory:

Hand Weapons
 a - a +0 flail (weapon)
Armour
 b - a +0 scale mail
 c - a +0 buckler (worn)
 e - a scarf of harm (worn)
 q - a +2 chain mail of cold resistance (worn)
Jewellery
 f - an amulet of reflection (around neck)
 g - a ring of protection from fire (left hand)
Wands
 t - a wand of flame (19)
Scrolls
 j - 3 scrolls of identify {unknown}
 k - 2 scrolls of vulnerability {unknown}
 l - a scroll of blinking {unknown}
 m - 2 scrolls of teleportation {unknown}
 n - a scroll of immolation {unknown}
 o - a scroll of fog {unknown}
 s - a scroll of enchant armour {unknown}
Potions
 d - 2 potions of might
 h - 2 potions of invisibility {unknown}
 i - 3 potions of heal wounds {unknown}
 p - a potion of mutation {unknown}
 r - 2 potions of degeneration {unknown}
 u - a potion of attraction {unknown}


   Skills:
 + Level 5.7 Fighting
 + Level 4.5 Maces & Flails
 - Level 3.2 Armour
 - Level 3.2 Shields


You had 4 spell levels left.
You didn't know any spells.
Your spell library contained the following spells:

 Spells                   Type           Power      Damage    Failure   Level
 Freeze                   Ice            0%         1d3       99%         1
 Frozen Ramparts          Ice            0%         1d2       100%        3
 Portal Projectile        Hex/Tloc       0%         N/A       100%        3
 Hailstorm                Conj/Ice       0%         3d3       100%        4
 Blade Hands              Tmut           0%         N/A       100%        5
 Excruciating Wounds      Necr           0%         N/A       100%        5


Dungeon Overview and Level Annotations

Branches:
Dungeon (3/15)

Altars:
Ashenzari
Dithmenos

Shops:
D:2 [(


Message History

The goblin hits you but does no damage.
The hobgoblin hits you but does no damage.
You block the goblin's attack. x2
You hit Robin but do no damage.
Robin is heavily wounded.
The goblin hits you but does no damage. The goblin hits you with a +0 club.
You block the goblin's attack.
The goblin hits you but does no damage. x2
The hobgoblin hits you but does no damage.
You sock Robin!
Robin is almost dead.
You block the goblin's attack. The goblin closely misses you. x2
You block the goblin's attack.
The hobgoblin hits you but does no damage.
You block the goblin's attack. The goblin hits you with a +0 club.
The goblin hits you but does no damage. x2; The hobgoblin hits you.
* * * LOW HITPOINT WARNING * * *
The goblin hits you but does no damage. x2
You sock Robin!
You kill Robin!
You block the goblin's attack. The goblin completely misses you.
The goblin hits you with a +0 club.
* * * LOW HITPOINT WARNING * * *
The goblin hits you with a +0 club.
* * * LOW HITPOINT WARNING * * *
You block the hobgoblin's attack. The goblin barely misses you.
You hit the goblin but do no damage.
The goblin no longer looks unusually strong.
The goblin barely misses you. The goblin hits you but does no damage.
The goblin hits you with a +0 club.
* * * LOW HITPOINT WARNING * * *
The goblin hits you but does no damage. The goblin hits you with a +0 club.
* * * LOW HITPOINT WARNING * * *
You block the goblin's attack.
The hobgoblin hits you but does no damage.
You hit the goblin.
You kill the goblin!
The goblin no longer looks unusually strong.
The hobgoblin completely misses you. You block the goblin's attack.
The goblin hits you with a +0 club.
You die...

.# .##### ### ....#
..###...#
#.#....####
###......g..#
........ggg.####
####.....g@g....#
.........#g)....#
.######.._.#..##....
...........#..##..##
######.####..##....
#.......##..##
#.......##.[.#
#.)#######...#
######..#######


You could see a hobgoblin (strong) and 6 goblins.

Vanquished Creatures
  Ijyb (D:3)
  Terence (D:2)
  Robin (D:3)
  4 adders
  2 worms (D:2)
  2 dart slugs
  An orc (D:3)
  3 ball pythons
  2 endoplasms
  2 giant cockroaches (D:2)
  8 goblins
  6 hobgoblins
  4 quokkas
  8 bats
  5 frilled lizards
  4 kobolds
  6 rats
60 creatures vanquished.

Notes
Turn   | Place    | Note
-------+----------+-------------------------------------------
     0 | D:1      | rabbitsville the Hill Orc Fighter began the quest for the
                  | Orb.
     0 | D:1      | Reached XP level 1. HP: 19/19 MP: 1/1
   182 | D:1      | Reached XP level 2. HP: 24/27 MP: 2/2
   225 | D:1      | Reached skill level 4 in Fighting
   958 | D:2      | Found Kucatupri's Armour Shoppe.
   965 | D:2      | Reached XP level 3. HP: 34/34 MP: 3/3
  1027 | D:2      | Noticed Terence
  1072 | D:2      | Found Tozaecvi's Weapon Shoppe.
  1159 | D:2      | Killed Terence
  1160 | D:2      | Reached skill level 5 in Fighting
  1160 | D:2      | Reached XP level 4. HP: 24/42 MP: 4/4
  1721 | D:2      | Found a faded altar of an unknown god.
  1754 | D:2      | Prayed at the altar of an unknown god.
  1754 | D:2      | Became a worshipper of Ashenzari the Shackled
  1877 | D:3      | Noticed Ijyb
  1888 | D:3      | Killed Ijyb
  1889 | D:3      | Reached XP level 5. HP: 47/48 MP: 5/5
  2005 | D:3      | Found a shadowy altar of Dithmenos.
  2011 | D:3      | Noticed Robin
  2033 | D:3      | Killed Robin
  2034 | D:3      | HP: 2/50 [goblin/+0 club[Robin] (3)]
  2035 | D:3      | Slain by a goblin

Illustrated notes

Levels and vault maps discovered:
D:1:      dpeg_arrival_boxes_within_box, layout_loops_ring,
          corexii_leaking_fountain
D:2:      layout_rooms, serial_shops, nicolae_lakefront_shop,
          nicolae_shop_statue_plus, shapermc_ecumenical_altar_notcrosses,
          uniq_terence
D:3:      layout_loops_ring, mainiacjoe_overflow_chevrons, skrybe_limestone_x,
          uniq_robin, uniq_ijyb

Skill      XL: |  1  2  3  4 |
---------------+-------------+-----
Fighting       | 4 5 |  5.7
Maces & Flails | 3 4 |  4.5
Armour         | |  3.2
Shields        | |  3.2

Action                   |  1- 3 |  4- 6 || total
-------------------------+-------+-------++-------
Melee: Flail             |    99 |    97 ||   196
Armor: Scale mail        |    42 |     8 ||    50
       Chain mail        |       |    70 ||    70
Dodge: Dodged            |    51 |    45 ||    96
Block: Buckler           |    67 |    79 ||   146
       Reflection        |     2 |     2 ||     4

Table legend: (Time is in decaauts)
 A = Elapsed time spent in this place.
 B = Non-inter-level travel time spent in this place.
 C = Inter-level travel time spent in this place.
 D = Time resting spent in this place.
 E = Time spent auto-exploring this place.
 F = Levels seen in this place.
 G = Mean time per level.
                   A        B        C        D        E       F      G
               +--------+--------+--------+--------+--------+-----+--------+
         Total |   2086 |   1996 |     90 |     86 |   1196 |   3 |  695.3 |
       Dungeon |   2086 |   1996 |     90 |     86 |   1196 |   3 |  695.3 |
               +--------+--------+--------+--------+--------+-----+--------+

Top non-repeatable levels by time:
     D:1: 971 daAuts
     D:2: 941 daAuts
     D:3: 173 daAuts
